 Dungeon Crawl Stone Soup version 0.18-a0-1639-g7533f42 (webtiles) character file.

1840 M4edhros the Covert (level 9, -3/56 HPs)
             Began as an Octopode Fighter on Mar 27, 2016.
             Slain by a sky beast (6 damage)
             ... on level 6 of the Dungeon.
             The game lasted 00:06:36 (4476 turns).

M4edhros the Covert (Octopode Fighter)              Turns: 4476, Time: 00:06:37

Health: -3/56      AC:  2    Str: 16    XL:     9   Next: 12%
Magic:  9/9        EV: 17    Int: 10    God:    Xom [.*....]
Gold:   305        SH: 11    Dex: 17    Spells: 0 memorised, 8 levels left

rFire  . . .     SeeInvis .     o - +2 rapier (venom)
rCold  . . .     Gourm    .     b - +0 shield
rNeg   . . .     Faith    .     (helmet restricted)
rPois  .         Spirit   .     n - amulet of rage
rElec  .         Dismiss  .     q - ring "Umicar" {+Fly MR+ Dex+3}
rCorr  .         Reflect  .     (no ring)
SustAt .         Harm     .     (no ring)
MR     +....                    (no ring)
Stlth  ++++++....               (no ring)
                                (no ring)
                                (no ring)
                                (no ring)

@: very slightly contaminated, somewhat resistant to hostile enchantments, very
stealthy
A: almost no armour, amphibious, 8 rings, constrict 8, repulsion field 1, molten
scales 1, camouflage 1, blink, gelatinous body 1
a: Blink, Renounce Religion, Evoke Berserk Rage, Evoke Flight


You were on level 6 of the Dungeon.
You worshipped Xom.
You were a plaything of Xom.
You were hungry.

You visited 2 branches of the dungeon, and saw 7 of its levels.
You also visited: Sewer.

You collected 305 gold pieces.

Inventory:

Hand Weapons
 a - a +0 trident
 o - a +2 rapier of venom (weapon)
Missiles
 f - 20 sling bullets
 t - 17 stones (quivered)
Armour
 b - a +0 shield (worn)
Jewellery
 n - an amulet of rage (around mantle)
 q - the ring "Umicar" (left tentacle) {+Fly MR+ Dex+3}
   (You found it on level 4 of the Dungeon)

   [ring of flight]

   It affects your dexterity (+3).
   It affects your resistance to hostile enchantments.
   It lets you fly.
Scrolls
 g - 6 scrolls of identify {unknown}
 h - 2 scrolls of magic mapping {unknown}
 i - 2 scrolls of enchant weapon {unknown}
 j - 2 scrolls of remove curse {unknown}
 k - 2 scrolls of amnesia {unknown}
 l - 3 scrolls of random uselessness {unknown}
 m - a scroll of enchant armour {unknown}
 r - a scroll of recharging {unknown}
 s - a scroll of noise {unknown}
 y - a scroll of fog {unknown}
Potions
 c - a potion of heal wounds
 e - 2 potions of haste
 u - 2 potions of curing
 v - a potion of invisibility {unknown}
 x - a potion of cure mutation
 z - 2 potions of brilliance
 A - a potion of magic {unknown}
 B - a potion of might
Comestibles
 d - 6 bread rations
 p - a meat ration


   Skills:
 - Level 3.0 Fighting
 - Level 3.2 Polearms
 + Level 7.3 Dodging
 + Level 8.9 Stealth
 + Level 7.1 Shields


You had 8 spell levels left.
You didn't know any spells.

Dungeon Overview and Level Annotations

Branches:
Dungeon (6/15)             Temple (1/1) D:6

Altars:
Ashenzari
Cheibriados
Dithmenos
Elyvilon
Fedhas
Kikubaaqudgha
Makhleb
Nemelex Xobeh
Qazlal
Ru
Sif Muna
Vehumet
Xom
Zin
The Shining One

Shops:
D:2 *   D:4 (

Annotations:
D:6 exclusion: oklob plant


Innate Abilities, Weirdness & Mutations

You cannot wear most types of armour.
You are amphibious.
You can wear up to eight rings at the same time.
You can use your tentacles to constrict eight enemies at once.
Your skin changes colour to match your surroundings (Stealth).
Your rubbery body absorbs attacks (AC +1).
You are surrounded by a mild repulsion field (EV +2).
You are partially covered in molten scales (AC +1).
You can translocate small distances at will.


Message History

Drink which item? (? for menu, Esc to quit)
Okay, then.
You barely miss the sky beast.
You are feeling hungry.
Xom notices you.
You hear a distant rumble.
You block the sky beast's attack.
You barely miss the sky beast. The sky beast hits you.
The sky beast shocks you.
* * * LOW HITPOINT WARNING * * *
You closely miss the sky beast. Your squeeze misses the sky beast.
The sky beast hits you.
* * * LOW HITPOINT WARNING * * *
The sky beast shocks you.
* * * LOW HITPOINT WARNING * * *
The sky beast hits you.
* * * LOW HITPOINT WARNING * * *
The sky beast shocks you.
You die...
Xom thinks this is hilarious!

#.# #.# ## .# #.# #.# #. ##.# .#
#.# #.# ## #%....## .# #.# #.# #.
....... .# #.# #.# #. ..#.#.## .#
#.# ###.# #. #.#.#..# .###.#
#...# #. ########.#.##.###.#...#
#.#.###.
.............Y@......###'###...
#.........#..##.#.#.#.....###.
#...)..§..##.##.#.#.#.⌠.⌠.###.
####......Y..##..#.#.#.'..>..'.#.
.............###.#.#.#.#.⌠.⌠.#...
####......#### ...#.###.....###.
..........# #..... ###'### #.
..........# ..#.## #.# #.
.....=##### #.#.# #.# #.


You could see a sky beast.

Vanquished Creatures
  Grinder (D:4)
  Edmund (D:4)
  2 sky beasts
  3 ogres
  A phantom (D:5)
  2 centaurs
  A giant frog (D:6)
  2 howler monkeys
  2 crimson imps (D:6)
  2 orc priests (D:4)
  4 hounds
  A giant frog skeleton (D:5)
  A centaur skeleton (D:4)
  4 orc wizards
  An iguana (D:4)
  A hound skeleton (D:6)
  8 adders
  3 gnolls (D:6)
  3 river rats (Sewer)
  A shadow imp (D:5)
  3 adder skeletons
  4 worms
  A dart slug (D:1)
  3 giant geckos
  16 orcs
  6 ball pythons
  A bat (D:2)
  5 giant cockroaches
  A goblin (D:2)
  5 hobgoblins
  9 jackals
  A quokka (D:6)
  A ball python skeleton (D:5)
  7 giant newts
  3 kobolds
  6 rats
116 creatures vanquished.

Notes
Turn   | Place    | Note
--------------------------------------------------------------
     0 | D:1      | M4edhros the Octopode Fighter began the quest for the Orb.
     0 | D:1      | Reached XP level 1. HP: 16/16 MP: 1/1
   128 | D:1      | Reached XP level 2. HP: 21/21 MP: 2/2
   557 | D:2      | Reached XP level 3. HP: 24/26 MP: 3/3
   591 | D:2      | Found a glowing silver altar of Zin.
   592 | D:2      | Found Zin's Purification Station.
   629 | D:3      | Reached skill level 1 in Stealth
   634 | D:3      | Reached XP level 4. HP: 20/31 MP: 4/4
   872 | D:3      | Noticed an ogre
   887 | D:4      | Reached skill level 2 in Stealth
   965 | D:4      | Reached XP level 5. HP: 26/36 MP: 5/5
  1044 | D:4      | Got a smoking ivory ring
  1049 | D:4      | Identified the ring "Umicar" {+Fly MR+ Dex+3} (You found it on level 4 of the Dungeon)
  1052 | D:4      | Reached skill level 3 in Stealth
  1070 | D:4      | Gained mutation: You are agile. (Dex +2) [potion of mutation]
  1070 | D:4      | Lost mutation: You are agile. (Dex +2) [potion of mutation]
  1070 | D:4      | Gained mutation: Your natural rate of healing is unusually fast. [potion of mutation]
  1071 | D:4      | Lost mutation: Your natural rate of healing is unusually fast. [potion of cure mutation]
  1078 | D:4      | Gained mutation: You are surrounded by a mild repulsion field (EV +2). [potion of mutation]
  1078 | D:4      | Gained mutation: You are partially covered in molten scales (AC +1). [potion of mutation]
  1078 | D:4      | Gained mutation: You can translocate small distances at will. [potion of mutation]
  1217 | D:4      | Reached XP level 6. HP: 42/42 MP: 6/6
  1317 | D:4      | Noticed Grinder
  1329 | D:4      | Killed Grinder
  1329 | D:4      | Reached skill level 5 in Stealth
  1329 | D:4      | Reached skill level 5 in Shields
  1329 | D:4      | Reached XP level 7. HP: 39/46 MP: 7/7
  1377 | D:4      | Noticed Edmund
  1390 | D:4      | Killed Edmund
  1390 | D:4      | Reached skill level 5 in Dodging
  1415 | D:4      | Found a radiant altar of Vehumet.
  1619 | D:4      | Reached skill level 6 in Stealth
  1663 | D:4      | Found Ehiamof's Antique Weapon Boutique.
  1859 | D:5      | Entered Level 5 of the Dungeon
  2303 | D:5      | Reached XP level 8. HP: 40/52 MP: 8/8
  2376 | D:5      | Found a white marble altar of Elyvilon.
  2495 | D:5      | Reached skill level 7 in Stealth
  2756 | D:6      | Found a staircase to the Ecumenical Temple.
  2780 | Temple   | Entered the Ecumenical Temple
  2842 | Temple   | Became a worshipper of Xom of Chaos
  2892 | D:6      | XOM: harmless Fire miscast
  2989 | D:6      | Reached skill level 8 in Stealth
  3022 | D:6      | Found a glowing drain.
  3045 | Sewer    | Entered a sewer
  3095 | Sewer    | XOM: divination: magic mapping
  3354 | Sewer    | XOM: harmless Conj miscast
  3438 | Sewer    | XOM: harmless Erth miscast
  3478 | Sewer    | XOM: divination: magic mapping
  3895 | D:6      | XOM is BORED!
  3895 | D:6      | XOM: noise
  4128 | D:6      | Found a stormy altar of Qazlal.
  4128 | D:6      | Noticed an oklob plant
  4257 | D:6      | Reached XP level 9. HP: 56/56 MP: 9/9
  4360 | D:6      | XOM: enchant monster (bad)
  4383 | D:6      | XOM: potion effect (haste)
  4423 | D:6      | XOM: colour smoke trail
  4440 | D:6      | XOM: 6-stop teleportation journey
  4464 | D:6      | XOM: blink monster(s)
  4474 | D:6      | XOM: mild Erth miscast
  4476 | D:6      | Slain by a sky beast

Vault maps used:
D:1:      roderic_dead_forest
D:2:      lemuel_coloured_pillars_altar, nicolae_overflow_crystal_walls,
          zin_purify
D:4:      vehumet_crystals, first_bread, serial_shops, nicolae_shop_stone,
          minmay_cupped, uniq_grinder, uniq_edmund
D:5:      marbit_many_paths
D:6:      minmay_temple_entry_hall, gup_sewer_entry_glass, lemuel_oklob_altar
Temple:   eino_temple_water_12
Sewer:    sewer_co_cracked_pipes

Skill      XL: |  1  2  3  4  5  6  7  8  9 |
---------------+----------------------------+-----
Stealth        | 1 2 3 5 6 8 |  8.9
Shields        | 4 5 6 7 |  7.1
Polearms       | 3 |  3.2
Dodging        | 4 5 7 |  7.3
Fighting       | |  3.0

Action                   |  1- 3 |  4- 6 |  7- 9 || total
-------------------------+-------+-------+-------++-------
Melee: Trident           |    51 |    35 |       ||    86
       Rapier            |       |    26 |   154 ||   180
  Use: Potion            |       |     6 |     3 ||     9
 Stab: Sleeping          |     7 |     3 |    22 ||    32
       Distracted        |       |       |     2 ||     2
  Eat: Meat ration       |       |       |     1 ||     1
       Chunk             |       |       |     5 ||     5
       Beef jerky        |       |       |     1 ||     1
